 Dungeon Crawl Stone Soup version 0.27.1 (webtiles) character file.

Game seed: 15966107554535003555

6 H0rd4k the Caller (level 1, -1/13 HPs)
             Began as a Barachi Summoner on Aug 23, 2021.
             Slain by a hobgoblin (3 damage)
             ... on level 2 of the Dungeon.
             The game lasted 00:02:08 (1137 turns).

H0rd4k the Caller (Barachi Summoner)                Turns: 1137, Time: 00:02:08

Health: -1/13      AC:  2    Str:  9    XL:     1   Next: 90%
Magic:  1/3        EV: 12    Int: 15    God:
Gold:   29         SH:  0    Dex: 12    Spells: 3/4 levels left

rFire    . . .     SeeInvis .   (no weapon)
rCold    . . .     Faith    .   (no shield)
rNeg     . . .     Spirit   .   a - +0 robe
rPois    .         Reflect  .   (no helmet)
rElec    .         Harm     .   (no cloak)
rCorr    .         Rampage  .   (no gloves)
Will     .....                  (no boots)
Stlth    ++........             (no amulet)
HPRegen  0.04/turn              (no ring)
MPRegen  0.08/turn              (no ring)

@: unable to hop, slow
A: amphibious, slowness 1, strong legs 1, +LOS
a: Hop


You were on level 2 of the Dungeon.
You visited 1 branch of the dungeon, and saw 2 of its levels.

You collected 29 gold pieces.

Inventory:

Armour
 a - a +0 robe (worn)
Scrolls
 d - a scroll of magic mapping {unknown}
 e - a scroll of enchant armour {unknown}
 f - a scroll of teleportation {unknown}
Potions
 b - 2 potions of berserk rage {unknown}
 c - 2 potions of curing {unknown}


   Skills:
 + Level 2.2 Dodging
 - Level 1.7 Stealth
 * Level 2.3 Spellcasting
 * Level 5.1 Summonings


You had 3 spell levels left.
You knew the following spells:

 Your Spells              Type           Power      Damage    Failure   Level
a - Summon Small Mammal   Summ           68%        N/A       2%          1

Your spell library contained the following spells:

 Spells                   Type           Power      Damage    Failure   Level
 Call Imp                 Summ           17%        N/A       4%          2
 Call Canine Familiar     Summ           17%        N/A       8%          3
 Foxfire                  Conj/Fire      4%         2x1d4     22%         1
 Summon Guardian Golem    Hex/Summ       9%         N/A       22%         3
 Conjure Flame            Conj/Fire      1%         6-21      54%         3
 Inner Flame              Hex/Fire       1%         N/A       54%         3
 Summon Lightning Spire   Summ/Air       9%         N/A       58%         4


Dungeon Overview and Level Annotations

Branches:
Dungeon (2/15)

Altars:


Innate Abilities, Weirdness & Mutations

You are amphibious.
You cover ground slowly.
You can hop short distances.
You have an extended range of vision and can be seen from far away.


Message History

Your bat closely misses the adder.
The adder bites your bat but does no damage.
The hobgoblin barely misses you.
You feel sick.
Your bat hits the adder.
Your bat hits the hobgoblin but does no damage.
The hobgoblin barely misses you. The adder bites your bat.
Your bat dies!
Your bat's corpse disappears in a puff of smoke!
The hobgoblin closely misses you.
You feel sick.
Your bat closely misses the hobgoblin. x2
You feel sick.
You are no longer poisoned.
Your bat closely misses the hobgoblin.
Your bat misses the hobgoblin. Something bites your bat.
Your bat is poisoned.
Something poisons your bat!
Casting: Summon Small Mammal (safe; 2% risk of failure)
Confirm with . or Enter, or press ? or * to list all spells.
You don't know that spell.
Unknown command.
Casting: Summon Small Mammal (safe; 2% risk of failure)
Confirm with . or Enter, or press ? or * to list all spells.
The hobgoblin misses you. The adder bites your bat.
Your bat dies!
Your bat's corpse disappears in a puff of smoke!
Casting: Summon Small Mammal (safe; 2% risk of failure)
Confirm with . or Enter, or press ? or * to list all spells.
You don't have enough magic to cast this spell.
An endoplasm comes into view.
The adder bites your rat.
Your rat closely misses the adder.
The hobgoblin hits you.
* * * LOW HITPOINT WARNING * * *
Unknown command.
Found a puce potion.
The adder barely misses your rat.
Your rat barely misses the adder.
The adder completely misses your rat.
Your rat misses the adder. The adder barely misses your rat.
There is a stone staircase leading up here.
Your rat bites the adder.
The adder closely misses your rat. The hobgoblin hits you.
You die...

## .. #.. .# . ..
... .. .#. #.# ..
... #.# .. #.. #.#
.. #.#
###.########.. #.#
...........<..
#.#####.#....###..
#@g...rS......# ..
##.####.#.....# ##
#..# #.#.....#
....##.#.....#
....!##.#.....#
......##.#####[#
#......##.# ...
#.....J##.# ##..
######.##.# ..


You could see an adder (ally target), an endoplasm (wandering), a hobgoblin and
a friendly rat (summoned).

Vanquished Creatures (collateral kills)
  A dart slug (D:1)
  A bat (D:1)
  2 endoplasms (D:1)
  A hobgoblin (D:1)
  2 kobolds (D:1)
  A rat (D:1)
8 creatures vanquished.

Vanquished Creatures (others)
  2 plants (D:1)
2 creatures vanquished.

Grand Total: 10 creatures vanquished

Notes
Turn   | Place    | Note
-------+----------+-------------------------------------------
     0 | D:1      | H0rd4k the Barachi Summoner began the quest for the Orb.
     0 | D:1      | Reached XP level 1. HP: 13/13 MP: 3/3
   216 | D:1      | Reached skill level 5 in Summonings
   557 | D:1      | Found a faded altar of an unknown god.
  1137 | D:2      | Slain by a hobgoblin

Illustrated notes

Levels and vault maps discovered:
D:1:      amcnicky_arrival_gap_in_the_tavern_cellar, layout_basic,
          shapermc_ecumenical_altar_mp_urbaneastern
D:2:      layout_basic, corexii_hall_statues_l

Skill      XL: |  1 |
---------------+----+-----
Summonings     | 5 |  5.1
Dodging        | |  2.2
Stealth        | |  1.7
Spellcasting   | |  2.3

Action                   || total
-------------------------++-------
Melee: Unarmed           ||     4
 Cast: Summon Small Mamm ||    25
 Abil: Hop               ||     1
Armor: Robe              ||     5
Dodge: Dodged            ||    12
